[Event "Team 45 45 League T54"]
[Site "Internet Chess Club"]
[Date "2012.09.04"]
[Round "3"]
[White "samarth22"]
[Black "KW-Winner"]
[Result "1-0"]
[WhiteElo "1989"]
[BlackElo "1908"]
[Opening "QGD Slav: 4.Nc3"]
[ECO "D15"]
[Time "20:00:10"]
[TimeControl "2700+45"]

1. d4 d5 2. c4 c6 3. Nc3 Nf6 4. Nf3 Bf5 5. cxd5 cxd5 6. Qb3 Qb6 7. Nxd5 Nxd5 8.
Qxd5 e6 9. Qb3 Bb4+ 10. Bd2 Nc6 11. e3 Bxd2+ 12. Nxd2 Nb4 13. Nc4 Nc2+ 14. Qxc2
Bxc2 15. Nxb6 axb6 16. Rc1 Be4 17. f3 Bc6 18. a3 Ke7 19. Kd2 Rhd8 20. Bd3 Rd7
21. Ke2 Rad8 22. Rhd1 h5 23. b4 Bd5 24. Bb5 Rd6 25. Rc7+ Kf8 26. Rdc1 f5 27. a4
h4 28. g3 h3 29. g4 fxg4 30. fxg4 Bg2 31. g5 e5 32. dxe5 Rd2+ 33. Ke1 R2d5 34.
e6 Re5 35. Rf7+ Kg8 36. e7 Rd1+ {Black resigns} 1-0

[Event "Team 45 45 League T54"]
[Site "Internet Chess Club"]
[Date "2012.08.30"]
[Round "3"]
[White "Goli"]
[Black "Andrew6"]
[Result "0-1"]
[WhiteElo "1875"]
[BlackElo "1592"]
[Opening "Ruy Lopez: exchange variation"]
[ECO "C68"]
[Time "16:00:55"]
[TimeControl "2700+45"]

1. e4 e5 2. Nf3 Nc6 3. Bb5 a6 4. Bxc6 dxc6 5. h3 f6 6. O-O Ne7 7. d4 exd4 8.
Nxd4 c5 9. Nf3 Qxd1 10. Rxd1 Bd7 11. Bf4 O-O-O 12. Nc3 g5 13. Be3 b6 14. e5 Bg7
15. exf6 Bxf6 16. Bxg5 Bxg5 17. Nxg5 Rhg8 18. Nxh7 Bxh3 19. Rxd8+ Kxd8 20. Rd1+
Kc8 21. g3 Bf5 22. Nf6 Rh8 23. Nce4 Nc6 24. g4 Bxe4 25. Nxe4 Ne5 26. g5 Rh4 27.
Ng3 Nf3+ 28. Kg2 Nxg5 29. Rd5 Ne6 30. Rf5 Nd4 31. Rf8+ Kb7 32. c3 Ne6 33. Rf6
Nf4+ 34. Kf3 Nd3 35. b3 Nc1 36. Ke3 Nxa2 37. Kd3 b5 38. f4 Rh2 39. Ne2 b4 40. c4
Rh3+ 41. Kc2 Re3 42. Ng1 Rc3+ 43. Kb2 Nc1 44. Rg6 Nd3+ 45. Ka2 Nxf4 46. Rf6 Nd3
47. Rf3 Rc2+ 48. Ka1 Ne5 49. Rg3 a5 50. Kb1 Rf2 51. Nh3 Rf1+ 52. Kc2 a4 53. bxa4
Nxc4 54. Kb3 Na5+ 55. Kb2 c4 56. Rg5 Ka6 57. Rb5 Rf3 58. Ng5 c3+ 59. Kb1 Rf1+
60. Kc2 Rf2+ 61. Kb1 Nb3 {White resigns} 0-1

[Event "Team 45 45 League T54"]
[Site "Internet Chess Club"]
[Date "2012.09.07"]
[Round "3"]
[White "KnightDwarf"]
[Black "Duguesclin"]
[Result "1/2-1/2"]
[WhiteElo "1542"]
[BlackElo "1719"]
[Opening "Nimzo-Indian: classical variation"]
[ECO "E32"]
[Time "17:48:59"]
[TimeControl "2700+45"]

1. d4 Nf6 2. c4 e6 3. Nc3 Bb4 4. Qc2 O-O 5. a3 Bxc3+ 6. Qxc3 b6 7. Nf3 Ne4 8.
Qc2 f5 9. Bf4 d6 10. e3 Bb7 11. Bd3 Nd7 12. O-O Ndf6 13. b4 a5 14. c5 Bd5 15.
Nd2 Nxd2 16. Qxd2 Ne4 17. Bxe4 Bxe4 18. Rfc1 g5 19. Bg3 axb4 20. axb4 Rxa1 21.
Rxa1 bxc5 22. dxc5 Qf6 23. Rd1 f4 24. f3 Bxf3 25. Rf1 fxg3 26. hxg3 g4 27. cxd6
cxd6 28. gxf3 gxf3 29. Qxd6 f2+ 30. Kh2 Qh6+ 31. Kg2 Qxe3 32. Qc5 Qe4+ 33. Kh2
Rf5 34. Qc8+ Kg7 35. Qd7+ Kh6 36. Qd2+ Kg6 37. g4 Qxg4 38. Qd3 Kh6 39. Qe3+ Qf4+
40. Qxf4+ Rxf4 41. Kg3 Rxb4 42. Rxf2 Kg5 43. Rf3 h5 44. Re3 Rg4+ 45. Kh3 Kf5 46.
Ra3 e5 47. Ra8 Rg5 48. Kh4 Rg2 49. Rf8+ Ke4 50. Kxh5 Ke3 51. Kh4 e4 52. Kh3 Rf2
53. Ra8 Kf3 54. Rf8+ Ke2 55. Ra8 e3 56. Kg3 Rf3+ 57. Kg2 Rf2+ 58. Kg3 Rf1 59.
Ra2+ Kd3 60. Ra3+ Kd4 61. Ra4+ Kc5 62. Re4 Re1 63. Kf3 Kd5 64. Rxe3 Rxe3+ 65.
Kxe3 {Game drawn because neither player has mating material} 1/2-1/2

[Event "Team 45 45 League T54"]
[Site "Internet Chess Club"]
[Date "2012.08.30"]
[Round "3"]
[White "Ayensa80"]
[Black "WildCoyote"]
[Result "1-0"]
[WhiteElo "1659"]
[BlackElo "1366"]
[Opening "Ruy Lopez: closed, Borisenko defense"]
[ECO "C96"]
[Time "12:03:39"]
[TimeControl "2700+45"]

1. e4 e5 2. Nf3 Nc6 3. Bb5 a6 4. Ba4 Nf6 5. O-O Be7 6. Re1 d6 7. h3 b5 8. Bb3
O-O 9. c3 Na5 10. Bc2 c5 11. d4 Nc6 12. Be3 Bb7 13. Nbd2 Qb6 14. d5 Nb8 15. a4
Nbd7 16. Qe2 Rfb8 17. Reb1 Qc7 18. Bd3 c4 19. Bc2 Nc5 20. b3 cxb3 21. Bxb3 bxa4
22. Bxc5 Qxc5 23. Bc4 Bc8 24. Rxb8 Rxb8 25. Rxa4 Rb2 26. Qd3 Rb6 27. Bb3 Qb5 28.
Qe3 Nh5 29. Rb4 Qa5 30. Qxb6 Qa1+ 31. Kh2 Bxh3 32. gxh3 {Black resigns} 1-0

[Event "Team 45 45 League T54"]
[Site "Internet Chess Club"]
[Date "2012.09.02"]
[Round "3"]
[White "SlimeDog2"]
[Black "goktrenks"]
[Result "1-0"]
[WhiteElo "2204"]
[BlackElo "1810"]
[Opening "King's Indian, 3.Nf3"]
[ECO "D74"]
[Time "17:37:51"]
[TimeControl "2700+45"]

1. d4 Nf6 2. c4 g6 3. Nf3 Bg7 4. g3 O-O 5. Bg2 d5 6. cxd5 Nxd5 7. e4 Nb6 8. Nc3
Nc6 9. d5 Na5 10. O-O c6 11. Bf4 Nac4 12. Qe2 cxd5 13. exd5 Nxb2 14. Qxb2 Na4
15. Nxa4 Bxb2 16. Nxb2 Qxd5 17. Rfe1 Qb5 18. Nd1 e6 19. Nc3 Qa6 20. Bh6 Rd8 21.
Ne4 Bd7 22. Bg5 Bc6 23. Bxd8 Rxd8 24. Ne5 Bxe4 25. Bxe4 Rd2 26. a4 Qb6 27. Rf1
Re2 28. Ng4 Qd4 29. Bf3 Rb2 30. Rfd1 Qc4 31. Rac1 Rc2 32. Rb1 b6 33. Ne3 Qxa4
34. Nxc2 Qxc2 35. Rbc1 Qb3 36. Kg2 h5 37. Rc7 h4 38. gxh4 {Black resigns} 1-0

[Event "Team 45 45 League T54"]
[Site "Internet Chess Club"]
[Date "2012.08.30"]
[Round "3"]
[White "HumanTornado"]
[Black "cesaralexander"]
[Result "1/2-1/2"]
[WhiteElo "1969"]
[BlackElo "1906"]
[Opening "Réti accepted"]
[ECO "A09"]
[Time "21:49:52"]
[TimeControl "2700+45"]

1. Nf3 d5 2. c4 dxc4 3. e3 e6 4. Bxc4 Nf6 5. Nc3 c5 6. d4 a6 7. a4 Nc6 8. O-O
cxd4 9. exd4 Nb4 10. Qe2 Be7 11. Rd1 Nfd5 12. Ne5 O-O 13. Bb3 Qc7 14. Bd2 Nxc3
15. bxc3 Nc6 16. Nxc6 bxc6 17. Bc2 g6 18. Bh6 Re8 19. Qf3 Bb7 20. Bf4 Bd6 21.
Bxd6 Qxd6 22. a5 Rab8 23. Be4 f5 24. Bd3 c5 25. Qe2 cxd4 26. cxd4 Qd5 27. Qf1
Ra8 28. Bc4 Qd6 29. Rab1 Bd5 30. Rb6 Qa3 31. Bxd5 exd5 32. Rxa6 Rxa6 33. Qxa6
Qb4 34. h3 f4 35. Rc1 Re1+ 36. Rxe1 Qxe1+ 37. Kh2 Qxf2 38. Qe6+ Kg7 39. Qe5+ Kh6
40. a6 f3 41. Qf4+ Kg7 42. Qxf3 Qxd4 43. Qa3 Qe5+ 44. Qg3 Qe7 45. Qc3+ Kg8 46.
Qd4 Qd6+ {Game drawn by mutual agreement} 1/2-1/2

[Event "Team 45 45 League T54"]
[Site "Internet Chess Club"]
[Date "2012.09.01"]
[Round "3"]
[White "Warpdrive"]
[Black "latayvia"]
[Result "0-1"]
[WhiteElo "1633"]
[BlackElo "1761"]
[Opening "Caro-Kann: advance variation"]
[ECO "B12"]
[Time "22:04:42"]
[TimeControl "2700+45"]

1. e4 c6 2. d4 d5 3. e5 Bf5 4. Ne2 e6 5. Ng3 Bg6 6. Nd2 h5 7. h4 Ne7 8. Nf3 Nf5
9. Nxf5 Bxf5 10. Bd3 Bg4 11. Be2 Be7 12. g3 Na6 13. Ng5 Bxg5 14. Bxg5 Bxe2 15.
Qxe2 Qa5+ 16. Qd2 Nb4 17. O-O Qb6 18. c3 Na6 19. b4 Nc7 20. a4 a5 21. Rfb1 axb4
22. Rxb4 Qa6 23. Rab1 b5 24. Qa2 Qa5 25. Qa3 O-O 26. Bd2 Na6 27. R4b2 bxa4 28.
c4 Qd8 29. Qxa4 Nc5 30. Qxc6 Nd3 31. Rb7 Rc8 32. Qb5 dxc4 33. Bc3 Qd5 34. Qxd5
exd5 35. Rd7 Rb8 36. Rxb8 Rxb8 37. Rxd5 Rb3 38. Ba5 c3 39. Rd8+ Kh7 40. Rc8 Rb1+
41. Kg2 c2 42. Bd2 c1=Q 43. Bxc1 Rxc1 44. Rxc1 Nxc1 45. d5 Nb3 46. d6 Nc5 47. f4
Kg6 48. Kf2 Kf5 49. Kf3 g6 50. Ke3 Kg4 51. Kf2 Kf5 52. Kf3 Ne6 53. d7 Nd8 54.
Ke3 Ke6 55. Kf3 Kxd7 56. g4 hxg4+ 57. Kxg4 Ke6 58. Kg5 Nc6 59. h5 gxh5 60. Kxh5
Kf5 61. Kh6 Kxf4 62. Kg7 Nxe5 63. Kf6 Kg4 64. Kxe5 f5 65. Kd4 f4 66. Kd3 Kg3 67.
Ke2 Kg2 {White resigns} 0-1

[Event "Team 45 45 League T54"]
[Site "Internet Chess Club"]
[Date "2012.09.08"]
[Round "3"]
[White "rahulr"]
[Black "CKNIGHT3"]
[Result "0-1"]
[WhiteElo "1548"]
[BlackElo "1643"]
[Opening "QGD semi-Slav"]
[ECO "D43"]
[Time "12:06:43"]
[TimeControl "2700+45"]

1. d4 d5 2. c4 c6 3. Nc3 Nf6 4. Nf3 e6 5. Bg5 Be7 6. e3 O-O 7. Bd3 h6 8. Bh4
Nbd7 9. O-O Bd6 10. c5 Be7 11. Qc2 b6 12. b4 a5 13. a3 Ba6 14. b5 cxb5 15. c6
Nb8 16. Nxb5 Bxb5 17. Bxb5 Qc7 18. Bg3 Bd6 19. Bxd6 Qxd6 20. c7 Nbd7 21. Ba6
Rfc8 22. Bxc8 Rxc8 23. Rfc1 Ne8 24. Qc6 Qxc6 25. Rxc6 Rxc7 26. Rac1 Rb7 27. Nd2
Kf8 28. Nb1 Ke7 29. R6c2 b5 30. Kf1 Nb6 31. Nd2 Nc4 32. Nxc4 dxc4 33. a4 Nd6 34.
axb5 Rxb5 35. f3 a4 36. Ra1 Rb3 37. Ke2 a3 38. Raa2 Nb5 39. Rxc4 Rb2+ 40. Rxb2
axb2 41. Rb4 b1=Q 42. Rxb1 Nc3+ 43. Kd3 Nxb1 44. Kc2 Na3+ 45. Kb3 Nb5 46. Kc4
Nd6+ 47. Kc5 g5 48. g4 f5 49. h3 fxg4 50. hxg4 Nf7 51. e4 Kf6 52. d5 exd5 53.
Kxd5 Ne5 {White resigns} 0-1

[Event "Team 45 45 League T54"]
[Site "Internet Chess Club"]
[Date "2012.09.03"]
[Round "3"]
[White "parpin"]
[Black "Legal"]
[Result "1-0"]
[WhiteElo "1783"]
[BlackElo "1993"]
[Opening "Giuoco Piano"]
[ECO "C54"]
[Time "12:07:17"]
[TimeControl "2700+45"]

1. e4 e5 2. Nf3 Nc6 3. Bc4 Bc5 4. c3 Nf6 5. d4 exd4 6. e5 d5 7. Bb5 Ne4 8. cxd4
Bb6 9. h3 O-O 10. Nc3 Bf5 11. Be3 Ne7 12. Bd3 Nxc3 13. bxc3 Bxd3 14. Qxd3 Qd7
15. O-O Qf5 16. Qxf5 Nxf5 17. a4 Ba5 18. Bd2 Ne7 19. Rab1 Rab8 20. Rb3 Nc6 21.
Rfb1 Bb6 22. Bf4 Na5 23. R3b2 Nc4 24. Re2 Ba5 25. Rb3 Rfe8 26. Nd2 Nb6 27. Ra3
Re6 28. Nb1 Rc6 29. Kf1 Rc4 30. Rea2 Rc8 31. Be3 Re8 32. Ke2 Re6 33. Kd3 Rec6
34. Rb2 h6 35. Rb5 Bxc3 36. Nxc3 a6 37. Rc5 R6xc5 38. dxc5 Nd7 39. Nxd5 Nxe5+
40. Kd2 c6 41. Nc3 Rh4 42. Rb3 Nc4+ 43. Ke2 Na5 44. Rb1 Rh5 45. Ne4 Re5 46. Nd6
Re7 47. Kd3 Rd7 48. Bd2 b6 49. Bxa5 bxc5 50. Rb8+ Kh7 51. Rd8 {Black resigns}
1-0

[Event "Team 45 45 League T54"]
[Site "Internet Chess Club"]
[Date "2012.08.31"]
[Round "3"]
[White "maestrogaffney"]
[Black "justice02"]
[Result "0-1"]
[WhiteElo "1710"]
[BlackElo "1696"]
[Opening "Dutch with c4 & Nc3"]
[ECO "A85"]
[Time "22:00:07"]
[TimeControl "2700+45"]

1. d4 f5 2. c4 Nf6 3. Nc3 e6 4. g3 Be7 5. Bg2 O-O 6. Nh3 d6 7. O-O c6 8. e4 Ng4
9. exf5 exf5 10. Re1 Re8 11. Nf4 Bg5 12. h3 Nf6 13. Ne6 Rxe6 14. Bxg5 Qf8 15. d5
Rxe1+ 16. Qxe1 c5 17. Nb5 a6 18. Nc7 Ra7 19. Ne6 Qe7 20. Bxf6 Qxf6 21. Qa5 Nd7
22. Qd8+ Qxd8 23. Nxd8 Ne5 24. Re1 Bd7 25. b3 b5 26. f4 Nf7 27. Ne6 h6 28. Bf1
bxc4 29. Bxc4 Bb5 30. Rc1 Rb7 31. Kf2 Re7 32. a4 Bxc4 33. Rxc4 a5 34. Rc3 Rd7
35. Ke3 Nh8 36. h4 Ng6 37. Kf3 Kf7 38. Re3 Ne7 39. Rd3 Nxd5 40. Nf8 Nxf4 41.
gxf4 Kxf8 42. Rd5 g6 43. h5 Kf7 {White resigns} 0-1

[Event "Team 45 45 League T54"]
[Site "Internet Chess Club"]
[Date "2012.09.02"]
[Round "3"]
[White "AVEMARIA"]
[Black "ticopatzer"]
[Result "0-1"]
[WhiteElo "1676"]
[BlackElo "1697"]
[Opening "Sicilian: Alapin's variation (2.c3)"]
[ECO "B22"]
[Time "10:30:46"]
[TimeControl "2700+45"]

1. e4 c5 2. c3 Nc6 3. d4 d6 4. Nf3 g6 5. dxc5 dxc5 6. Qxd8+ Nxd8 7. Be3 b6 8.
Bc4 Bb7 9. Nbd2 Bg7 10. O-O-O e6 11. Bb5+ Bc6 12. Bxc6+ Nxc6 13. Nc4 Nf6 14.
Nd6+ Kf8 15. Ng5 Nd8 16. h3 h6 17. Nf3 Nc6 18. Kb1 Rd8 19. c4 Ke7 20. e5 Nd7 21.
Bf4 Ndxe5 22. Nxe5 Nxe5 23. Rhe1 Rxd6 24. Rc1 f6 25. Rc3 Rd4 26. Bg3 Nxc4 27. b3
Nd6 28. Rce3 e5 29. R3e2 Rd8 30. f4 e4 31. Bf2 Rd5 32. g4 f5 33. Rg1 Nb5 {White
resigns} 0-1

[Event "Team 45 45 League T54"]
[Site "Internet Chess Club"]
[Date "2012.09.02"]
[Round "3"]
[White "ShadowChaos7"]
[Black "oldsj"]
[Result "1/2-1/2"]
[WhiteElo "1657"]
[BlackElo "1671"]
[Opening "Bird: From gambit, Lasker variation"]
[ECO "A02"]
[Time "16:00:58"]
[TimeControl "2700+45"]

1. f4 e5 2. fxe5 d6 3. exd6 Bxd6 4. Nf3 g5 5. g3 g4 6. Nh4 Ne7 7. d4 Ng6 8. Nxg6
hxg6 9. Qd3 Bf5 10. e4 Qe7 11. Bg2 Nc6 12. c3 O-O-O 13. O-O Be6 14. Bf4 Bxf4 15.
Rxf4 Ne5 16. Qe2 Bc4 17. Qc2 Nd3 18. Rf1 f5 19. e5 Nxe5 20. dxe5 Bxf1 21. Bxf1
Qxe5 22. Qc1 Qc5+ 23. Kh1 Qd5+ 24. Kg1 Qc5+ 25. Kh1 Qd5+ 26. Kg1 Qc5+ {Game
drawn by repetition} 1/2-1/2

[Event "Team 45 45 League T54"]
[Site "Internet Chess Club"]
[Date "2012.08.30"]
[Round "3"]
[White "chess9793"]
[Black "Chatica"]
[Result "0-1"]
[WhiteElo "2150"]
[BlackElo "2219"]
[Opening "Alekhine's defense: modern, Larsen variation"]
[ECO "B04"]
[Time "22:03:26"]
[TimeControl "2700+45"]

1. e4 Nf6 2. e5 Nd5 3. d4 d6 4. Nf3 dxe5 5. Nxe5 g6 6. Bc4 c6 7. O-O Bg7 8. Re1
O-O 9. Bb3 Be6 10. Nd2 Nd7 11. Ndf3 Nxe5 12. Nxe5 Nc7 13. c3 Bd5 14. Bxd5 Qxd5
15. b3 Ne6 16. Ba3 Rfe8 17. Qg4 c5 18. dxc5 Bxe5 19. Rad1 Bxh2+ 20. Kxh2 Qc6 21.
Rd3 Qa6 22. Rh3 Qxa3 23. Rxe6 Qxc5 24. Qh4 h5 25. Ree3 Rad8 26. Reg3 Rd2 27. Rg5
Qd6+ 28. Rhg3 Kf8 29. Kg1 Rxa2 30. f4 Qd1+ 31. Kh2 Ra1 32. Rf3 Rd8 33. f5 Rd2
{White resigns} 0-1

[Event "Team 45 45 League T54"]
[Site "Internet Chess Club"]
[Date "2012.08.30"]
[Round "3"]
[White "veganito"]
[Black "leland"]
[Result "0-1"]
[WhiteElo "1973"]
[BlackElo "1862"]
[Opening "Grünfeld: Spassky variation, main line, 10...cd, 11.cd"]
[ECO "D88"]
[Time "20:00:05"]
[TimeControl "2700+45"]

1. d4 Nf6 2. c4 g6 3. Nc3 d5 4. cxd5 Nxd5 5. e4 Nxc3 6. bxc3 Bg7 7. Bc4 O-O 8.
Ne2 c5 9. Be3 cxd4 10. cxd4 Nc6 11. O-O Bd7 12. Rb1 Na5 13. Bb5 Bxb5 14. Rxb5 a6
15. Rd5 Qc7 16. Rc5 Qd8 17. Qa4 b5 18. Qd1 Nc4 19. Bg5 Ra7 20. Qd3 Qb6 21. Rb1
Qe6 22. a4 h6 23. Bf4 Nd6 24. e5 Nf5 25. axb5 axb5 26. Rcxb5 Rd8 27. Rb8 Rd7 28.
Rxd8+ Rxd8 29. Rd1 g5 30. Bg3 Nxg3 31. Nxg3 Bxe5 32. d5 Qf6 33. Ne4 Qg6 34. Qc4
Rb8 35. Nd2 Qf5 36. Qe4 Qxe4 37. Nxe4 Rb4 38. f3 g4 39. h3 gxh3 40. gxh3 Bf4 41.
Nc5 Be3+ 42. Kg2 Bxc5 {White resigns} 0-1

[Event "Team 45 45 League T54"]
[Site "Internet Chess Club"]
[Date "2012.09.02"]
[Round "3"]
[White "bobhill"]
[Black "browndeer"]
[Result "1-0"]
[WhiteElo "1895"]
[BlackElo "1432"]
[Opening "King's Indian: Torre attack"]
[ECO "A48"]
[Time "23:00:10"]
[TimeControl "2700+45"]

1. d4 Nf6 2. Nf3 g6 3. Bg5 Bg7 4. Nbd2 d6 5. e4 O-O 6. c3 Re8 7. Be2 e5 8. dxe5
dxe5 9. O-O Qd6 10. Qc2 Nc6 11. b4 a6 12. Rfe1 Be6 13. Rad1 Qe7 14. Be3 Nh5 15.
Nc4 Bd7 16. Bc5 Qe6 17. Ng5 Qf6 18. Nxh7 Kxh7 19. Bxh5 Be6 20. Be2 Qg5 21. Be3
Qe7 22. a3 Rh8 23. g3 Kg8 24. Bc5 Qg5 25. Qd2 Qf6 26. Be3 Rd8 27. Qc1 Re8 28.
Bg5 Bh6 29. Bxh6 Qe7 30. Qg5 Qxg5 31. Bxg5 Kg7 32. Nb2 Rh7 33. Bc4 Bg4 34. Rd2
Reh8 35. h4 f6 36. f3 Bc8 37. Be3 g5 38. Bf2 gxh4 39. gxh4 Ne7 40. Kh2 Ng6 41.
Rg1 Rh6 42. Be1 b5 43. Bb3 f5 44. Nd3 Kf6 45. Kg2 Nxh4+ 46. Bxh4+ Rxh4 47. Kf1
fxe4 48. fxe4 Bh3+ 49. Ke1 Rxe4+ 50. Kd1 Bg4+ 51. Kc2 Bf5 52. Kb2 Re3 53. Rf1
Rh5 54. Nc5 Ke7 55. Rg1 Kf6 56. Nxa6 Rhh3 57. Rc1 Rh7 58. Rf1 Rg3 59. Rdf2 Rg5
60. Bc2 Rhh5 61. Nxc7 Kg6 62. Nxb5 Bxc2 63. Kxc2 e4 64. Rf6+ Kg7 65. Rf7+ Kg8
66. Rf8+ Kg7 67. Nd6 Rh2+ 68. Kb3 e3 69. R1f7+ Kg6 70. Rg8+ Kh6 71. Rh8+ Kg6 72.
Rxh2 Re5 73. Rg2+ Rg5 74. Rg7+ Kxg7 75. Rxg5+ Kf6 76. Rg3 e2 77. Re3 e1=Q 78.
Rxe1 Kg5 79. Rf1 Kg4 80. Kc4 {Black resigns} 1-0

[Event "Team 45 45 League T54"]
[Site "Internet Chess Club"]
[Date "2012.08.31"]
[Round "3"]
[White "Sir-Sinister"]
[Black "HelioAraujo"]
[Result "1-0"]
[WhiteElo "2020"]
[BlackElo "1888"]
[Opening "Sicilian: closed"]
[ECO "B23"]
[Time "14:00:37"]
[TimeControl "2700+45"]

1. e4 c5 2. Nc3 e6 3. g3 Nc6 4. Bg2 Nf6 5. d3 d5 6. exd5 exd5 7. Nge2 Be7 8. O-O
O-O 9. d4 cxd4 10. Nxd4 Bc5 11. Nb3 Bg4 12. Qd3 Ne5 13. Qb5 Bb6 14. Nxd5 Nxd5
15. Qxd5 Qxd5 16. Bxd5 Be2 17. Bxb7 Rab8 18. Re1 Nf3+ 19. Bxf3 Bxf3 20. Be3 Rfd8
21. Bxb6 axb6 22. Re3 Bg4 23. c3 h6 24. Nd4 Rd6 25. Rae1 Kh7 26. Re8 Rb7 27.
R8e7 Rdd7 28. Rxd7 Rxd7 29. Kg2 Bh5 30. Re5 Bg6 31. Rb5 Rd6 32. h4 Bd3 33. Re5
Bc4 34. a4 f6 35. Re7 Kg6 36. Rxg7+ {Black resigns} 1-0

[Event "Team 45 45 League T54"]
[Site "Internet Chess Club"]
[Date "2012.09.02"]
[Round "3"]
[White "Goli"]
[Black "pmcglothin"]
[Result "1-0"]
[WhiteElo "1915"]
[BlackElo "1848"]
[Opening "King's Indian: 5.Nf3"]
[ECO "E90"]
[Time "11:00:31"]
[TimeControl "2700+45"]

1. e4 g6 2. d4 Bg7 3. c4 d6 4. Nf3 Nf6 5. Nc3 O-O 6. h3 e5 7. d5 Nbd7 8. Bd3 a5
9. Be3 b6 10. O-O Nc5 11. Bc2 Bd7 12. a3 Na6 13. Ba4 Nc5 14. Bxd7 Qxd7 15. Qc2
a4 16. Nd2 Nh5 17. b4 axb3 18. Nxb3 Na4 19. Ne2 Nc5 20. Nxc5 bxc5 21. a4 Ra5 22.
Bd2 Ra6 23. a5 Nf4 24. Nxf4 exf4 25. Bc3 Bh6 26. f3 Rfa8 27. Rfb1 R6a7 28. Rb5
Bg7 29. Ra3 Bxc3 30. Qxc3 Qe7 31. Qb2 h6 32. Rb8+ Kh7 33. Qh8# {Black
checkmated} 1-0

[Event "Team 45 45 League T54"]
[Site "Internet Chess Club"]
[Date "2012.08.31"]
[Round "3"]
[White "goktrenks"]
[Black "Tobiasdelmonte"]
[Result "0-1"]
[WhiteElo "1813"]
[BlackElo "1827"]
[Opening "Alekhine's defense: exchange variation"]
[ECO "B02"]
[Time "21:01:41"]
[TimeControl "2700+45"]

1. e4 Nf6 2. e5 Nd5 3. c4 Nb6 4. d4 d6 5. exd6 exd6 6. Nc3 Be7 7. Nf3 Bg4 8. b3
Nc6 9. Be2 O-O 10. O-O Bf6 11. Be3 Re8 12. Rc1 Qd7 13. Qd2 a5 14. Rfd1 a4 15. d5
Ne5 16. Nxe5 Bxe5 17. b4 g6 18. h3 Bxe2 19. Nxe2 Nc8 20. Nf4 Ne7 21. Nd3 Bg7 22.
a3 Nf5 23. Bf4 Nd4 24. Rb1 Re2 {White resigns} 0-1

[Event "Team 45 45 League T54"]
[Site "Internet Chess Club"]
[Date "2012.09.04"]
[Round "3"]
[White "qlwqznzn"]
[Black "Fezzik"]
[Result "1-0"]
[WhiteElo "2330"]
[BlackElo "2162"]
[Opening "Sicilian: Scheveningen, 6.Be2"]
[ECO "B83"]
[Time "02:03:38"]
[TimeControl "2700+45"]

1. e4 c5 2. Nf3 e6 3. d4 cxd4 4. Nxd4 Nf6 5. Nc3 d6 6. Be2 Be7 7. O-O O-O 8. Be3
a6 9. a4 Nc6 10. Nb3 b6 11. f4 Bb7 12. Bf3 Qc7 13. g4 Nd7 14. g5 Rfe8 15. Bg2
Bf8 16. f5 Nce5 17. f6 g6 18. h4 Nc4 19. Bc1 b5 20. h5 Qb6+ 21. Kh2 Ne3 22. Bxe3
Qxe3 23. hxg6 hxg6 24. Qg4 d5 25. exd5 b4 26. Ne4 Bxd5 27. Rae1 Qa7 28. Qh4 Qc7+
29. Kh1 e5 30. Rf3 Be6 31. Bh3 Bd5 32. Bxd7 Qxd7 33. Rh3 Bxe4+ 34. Rxe4 Qd1+ 35.
Re1 Qh5 36. Qg3 {Black resigns} 1-0

[Event "Team 45 45 League T54"]
[Site "Internet Chess Club"]
[Date "2012.08.31"]
[Round "3"]
[White "PoisonPawn"]
[Black "Feifo"]
[Result "1-0"]
[WhiteElo "2043"]
[BlackElo "2110"]
[Opening "French: Tarrasch, closed variation"]
[ECO "C05"]
[Time "21:05:09"]
[TimeControl "2700+45"]

1. e4 e6 2. d4 d5 3. Nd2 Nf6 4. e5 Nfd7 5. Bd3 c5 6. c3 Nc6 7. Ngf3 Qb6 8. O-O
cxd4 9. cxd4 Nxd4 10. Nxd4 Qxd4 11. Nf3 Qb6 12. Qa4 Qb4 13. Qc2 Qc5 14. Qe2 Be7
15. Be3 Qc7 16. Rac1 Qb8 17. Bd4 b6 18. a3 Bc5 19. Rfe1 a5 20. Rc3 Be7 21. Rec1
O-O 22. h4 Nc5 23. Bxh7+ Kxh7 24. Ng5+ Bxg5 25. hxg5 g6 26. Rh3+ Kg7 27. Qf3 Nd7
28. Qf4 Ba6 29. Rcc3 Qd8 30. Rh6 Rh8 31. Rch3 Rxh6 32. gxh6+ Kf8 33. h7 Kg7 34.
h8=Q+ Qxh8 35. Rxh8 Rxh8 36. Bxb6 Nxb6 37. Qf6+ Kg8 38. Qd8+ Kg7 39. Qxb6 Bd3
40. Qxa5 Rc8 41. b4 Rc1+ 42. Kh2 Rb1 43. a4 Rb2 44. Kg3 Ra2 45. b5 Bc2 46. Qc3
Bxa4 47. b6 Rc2 48. Qxc2 Bxc2 49. b7 {Black resigns} 1-0

[Event "Team 45 45 League T54"]
[Site "Internet Chess Club"]
[Date "2012.08.31"]
[Round "3"]
[White "gareth"]
[Black "carokantor"]
[Result "1-0"]
[WhiteElo "2261"]
[BlackElo "2092"]
[Opening "Richter-Veresov attack"]
[ECO "D01"]
[Time "22:27:22"]
[TimeControl "2700+45"]

1. d4 Nf6 2. Nc3 d5 3. Bg5 c6 4. e3 Qb6 5. Rb1 Bg4 6. Be2 Bxe2 7. Ngxe2 Nbd7 8.
f4 e6 9. O-O Be7 10. Ng3 c5 11. f5 cxd4 12. exd4 e5 13. Re1 O-O 14. Bxf6 Nxf6
15. Rxe5 Bd6 16. Nxd5 Nxd5 17. Rxd5 Qc6 18. Qf3 Bxg3 19. hxg3 Qxc2 20. Re1 Rae8
21. Rde5 Rd8 22. Qxb7 Qd3 23. Kh2 Qxd4 24. R5e4 Qf2 25. Qe7 h6 26. f6 Qxb2 27.
fxg7 Qxg7 28. Qxa7 Rd5 29. Rh4 Kh7 30. a4 Rg8 31. Qe3 Rg5 32. Rh3 Qg6 33. Rf1
Rg7 34. Rf4 Rh5 35. Qc3 Rxh3+ 36. gxh3 Qb1 37. Rf2 Qb6 38. Qf6 Qb3 39. Qf5+ Kg8
40. Qf4 Kh7 41. a5 Qa3 42. Qf5+ Kg8 43. Qe5 Kh7 44. h4 Kg8 45. Rf6 Qa2+ 46. Kh3
Qc2 47. a6 Qc8+ 48. Qf5 Qc3 49. Qf3 Qa1 50. Rxh6 Kf8 51. Rh8+ Ke7 52. Qb7+ Kf6
53. Qc6+ Ke5 54. Re8+ Kf5 55. Qe4+ Kf6 56. Qf4+ Kg6 57. Qg5+ {Black resigns} 1-0

[Event "Team 45 45 League T54"]
[Site "Internet Chess Club"]
[Date "2012.09.04"]
[Round "3"]
[White "MaryAngels"]
[Black "robertoalvarez"]
[Result "0-1"]
[WhiteElo "2035"]
[BlackElo "2245"]
[Opening "French: advance, Wade variation"]
[ECO "C02"]
[Time "10:04:38"]
[TimeControl "2700+45"]

1. e4 e6 2. d4 d5 3. e5 c5 4. c3 Qb6 5. Nf3 Bd7 6. Be2 Bb5 7. c4 Bxc4 8. Bxc4
dxc4 9. d5 Ne7 10. d6 Nec6 11. O-O Nd7 12. Re1 g6 13. Na3 Qa6 14. Qe2 b5 15. b3
Rb8 16. bxc4 bxc4 17. Nxc4 Rb4 18. Nfd2 Bh6 19. a3 Ra4 20. Bb2 Bxd2 21. Nxd2
Qxe2 22. Rxe2 O-O 23. Rc1 Rb8 24. Nc4 Nd4 25. Bxd4 Rxc4 26. Be3 Nxe5 27. Rd1 Nd7
28. Bg5 f6 29. Bxf6 Nxf6 30. Rxe6 Rd4 31. Rde1 Nd7 32. g3 Nf8 33. Re7 Rxd6 34.
Rxa7 Rc8 {White resigns} 0-1

[Event "Team 45 45 League T54"]
[Site "Internet Chess Club"]
[Date "2012.09.02"]
[Round "3"]
[White "Pomberito"]
[Black "grabuark"]
[Result "0-1"]
[WhiteElo "2116"]
[BlackElo "2202"]
[Opening "King's Indian: Petrosian system, Stein variation"]
[ECO "E92"]
[Time "18:00:55"]
[TimeControl "2700+45"]

1. d4 Nf6 2. c4 g6 3. Nc3 Bg7 4. e4 d6 5. Be2 O-O 6. Nf3 e5 7. d5 a5 8. g3 Na6
9. Nh4 Nc5 10. f3 Nh5 11. Ng2 Bh3 12. O-O f5 13. exf5 gxf5 14. f4 Nf6 15. Qc2 e4
16. Be3 Ng4 17. Bxg4 Bxg4 18. Ne1 Bh3 19. Rf2 a4 20. Rd1 Qd7 21. Nb5 Rfe8 22.
Qb1 Kh8 23. Rdd2 Bf6 24. Rfe2 Bg4 25. Rf2 Bh3 26. Rfe2 Qg7 27. Bf2 Bg4 28. Re3
h5 29. h4 Rg8 30. Ng2 Kh7 31. Kh2 Rae8 32. b4 axb3 33. axb3 Ra8 34. b4 Ra1 35.
Qc2 Nd3 36. Rexd3 exd3 37. Qxd3 Rga8 38. c5 Qe7 39. cxd6 cxd6 40. Rc2 Kg6 41.
Ne3 Bf3 42. Qxf5+ Kh6 43. g4 hxg4 44. Nxg4+ Bxg4 45. Qxg4 Qe4 46. Nd4 Rh1+ 47.
Kg3 Bxh4+ 48. Qxh4+ Rxh4 49. Kxh4 Qxf4+ 50. Kh3 Kg6 51. Kg2 Qg4+ {White resigns}
0-1